 Dungeon Crawl Stone Soup version 0.28-a0-479-g5baa6b73be (webtiles) character file.

Game seed: 5833289696844339886

62 Dabor the Skirmisher (level 4, -1/36 HPs)
             Began as a Formicid Abyssal Knight on Sept 19, 2021.
             Was a Believer of Lugonu.
             Slain by Crazy Yiuf (8 damage)
             ... on level 2 of the Dungeon.
             The game lasted 00:02:11 (2361 turns).

Dabor the Skirmisher (Formicid Abyssal Knight)      Turns: 2361, Time: 00:02:12

Health: -1/36      AC:  8    Str: 17    XL:     4   Next: 28%
Magic:  6/6        EV:  7    Int: 12    God:    Lugonu [**....]
Gold:   167        SH:  0    Dex: 10    Spells: 3/3 levels left

rFire   . . .      SeeInvis +   a - +2 spear
rCold   . . .      Faith    .   (no shield)
rNeg    . . .      Spirit   .   m - +0 chain mail
rPois   .          Reflect  .   (helmet unavailable)
rElec   .          Harm     .   (no cloak)
rCorr   .          Rampage  .   (no gloves)
Will    .....                   (no boots)
Stlth   ..........              (no amulet)
HPRegen 0.12/turn               (no ring)
MPRegen 0.10/turn               (no ring)

@: no status effects
A: permanent stasis, dig shafts and tunnels, antennae 3, four strong arms
a: Dig, Shaft Self, Renounce Religion, Depart the Abyss, Bend Space


You were on level 2 of the Dungeon.
You worshipped Lugonu.
Lugonu was pleased with you.
You visited 1 branch of the dungeon, and saw 2 of its levels.
You visited the Abyss 1 time.

You collected 167 gold pieces.

Inventory:

Hand Weapons
 a - a +2 spear (weapon)
Missiles
 f - 11 poisoned darts
Armour
 b - a +0 leather armour
 h - a +0 scale mail
 m - a +0 chain mail (worn)
Scrolls
 c - a scroll of enchant weapon
 j - 2 scrolls of teleportation {unknown}
 l - a scroll of amnesia {unknown}
Potions
 d - a potion of lignification {unknown}
 i - a potion of haste {unknown}
 k - a potion of brilliance {unknown}
 n - 2 potions of degeneration {unknown}


   Skills:
 + Level 3.6 Fighting
 * Level 2.9 Polearms
 + Level 2.7 Armour
 + Level 1.3 Dodging
 + Level 1.4 Stealth
 + Level 2.7 Invocations


You had 3 spell levels left.
You didn't know any spells.
Your spell library was empty.

Dungeon Overview and Level Annotations

Branches:
Dungeon (2/15)

Altars:

Annotations:
D:2 Crazy Yiuf


Innate Abilities, Weirdness & Mutations

You cannot be hasted, slowed, berserked, paralysed or teleported.
You can dig through walls and to a lower floor.
You have a pair of large antennae on your head. (SInv)
Your four strong arms can wield two-handed weapons with a shield.


Message History

You sense a monster nearby.
No target in view!
Crazy Yiuf whimpers, "Hah seventy Hive!"
Crazy Yiuf says, "Ten!"
There is a stone staircase leading up here.
You see here a +0 whip.
There is an escape hatch in the floor here.
There is an escape hatch in the floor here.
You see here a +0 whip.
Key pressed, stopping explore.
No target in view!
Crazy Yiuf shouts!
Could not explore, unopened runed door.
Failed to move towards target.
Failed to move towards target.
Could not explore, unopened runed door.
Okay, then.
Press: ? - help, v - describe, . - travel
Here: Crazy Yiuf, wielding a +3 quarterstaff of chaos and wearing a +0 cloak (fire blocked by a runed translucent door)
The floor.
Unknown command.
You open the door. You hit Crazy Yiuf.
Crazy Yiuf is lightly wounded.
Crazy Yiuf hits you with a +3 quarterstaff of chaos!
You are electrocuted!!
Ouch! That really hurt!
* * * LOW HITPOINT WARNING * * *
Okay, then.
As you read the scroll labelled LYESTA CUMUPP, it crumbles to dust.
It is a scroll of enchant weapon.
Your +1 spear glows red for a moment.
Crazy Yiuf barely misses you.
As you read the scroll labelled SAHEMO WAJOCLU, it crumbles to dust.
The creatures around you are filled with an inner flame!
It was a scroll of immolation.
Crazy Yiuf barely misses you.
As you read the scroll labelled TEGIAR GIXUCK, it crumbles to dust.
Your stasis prevents you from teleporting.
It was a scroll of blinking.
Crazy Yiuf hits you with a +3 quarterstaff of chaos!
You die...

#####..... #.......#.
##### #.#####.#. #..)#
#.#####.#. #...#
#.##....#† ... #.##.##...
#'# #.##...... ##g#
#......... #@## ####.####.
##.# #....## #### #.##
#.##.## #..# ##.## #)##.#
#.## #...## #####.##.##
#.# #.P.)# #..##.##.#. #.#
#....# ##.##.##...
#.#####..#### #.##......
###.........#.###>#######.


You could see Crazy Yiuf (inner flame).

Vanquished Creatures
  A gnoll (D:1)
  A worm (D:2)
  A dart slug (D:1)
  2 bats (D:1)
  6 endoplasms
  2 giant cockroaches
  3 goblins
  3 hobgoblins
  4 jackals (D:2)
  3 quokkas
  4 ball pythons
  3 frilled lizards
  6 kobolds
  5 rats
44 creatures vanquished.

Notes
Turn   | Place    | Note
-------+----------+-------------------------------------------
     0 | Abyss:1  | Dabor the Formicid Abyssal Knight began the quest for the
                  | Orb.
     0 | Abyss:1  | Reached XP level 1. HP: 18/18 MP: 2/2
   103 | Abyss:1  | Noticed a raiju
   104 | D:1      | Escaped the Abyss
   330 | D:1      | Reached skill level 1 in Dodging
   373 | D:1      | Reached XP level 2. HP: 11/24 MP: 3/3
   670 | D:1      | Reached * piety under Lugonu
   671 | D:1      | Reached XP level 3. HP: 16/29 MP: 4/4
  1136 | D:1      | Found a faded altar of an unknown god.
  1173 | D:1      | Reached skill level 1 in Stealth
  1695 | D:2      | Reached XP level 4. HP: 26/35 MP: 5/5
  1908 | D:2      | Reached ** piety under Lugonu
  2249 | D:2      | Found a runed translucent door.
  2250 | D:2      | Noticed Crazy Yiuf
  2361 | D:2      | Slain by Crazy Yiuf

Illustrated notes

Levels and vault maps discovered:
D:1:      dpeg_arrival_rhombi, layout_basic, basic_ecumenical_altar,
          st_stairs_11, minmay_cut_off
D:2:      layout_loops_cross, uniq_crazy_yiuf_cottage

Skill      XL: |  1  2  3 |
---------------+----------+-----
Dodging        | 1 |  1.3
Stealth        | 1 |  1.4
Fighting       | |  3.6
Polearms       | |  2.9
Armour         | |  2.7
Invocations    | |  2.7

Action                   |  1- 3 |  4- 6 || total
-------------------------+-------+-------++-------
Melee: Spear             |   116 |    30 ||   146
Invok: Depart the Abyss  |     1 |       ||     1
  Use: Scroll            |       |     3 ||     3
 Stab: Sleeping          |     2 |       ||     2
Armor: Leather armour    |     9 |       ||     9
       Scale mail        |    29 |     6 ||    35
       Chain mail        |       |     1 ||     1
Dodge: Dodged            |    51 |     8 ||    59

Table legend: (Time is in decaauts)
 A = Elapsed time spent in this place.
 B = Non-inter-level travel time spent in this place.
 C = Inter-level travel time spent in this place.
 D = Time resting spent in this place.
 E = Time spent auto-exploring this place.
 F = Levels seen in this place.
 G = Mean time per level.
                   A        B        C        D        E       F      G
               +--------+--------+--------+--------+--------+-----+--------+
         Total |   2356 |   2339 |     17 |      0 |   1960 |   3 |  785.3 |
       Dungeon |   2252 |   2235 |     17 |      0 |   1883 |   2 | 1126.0 |
         Abyss |    104 |    104 |      0 |      0 |     77 |   1 |  104.0 |
               +--------+--------+--------+--------+--------+-----+--------+

Top non-repeatable levels by time:
     D:1: 1372 daAuts
     D:2: 880 daAuts
 Abyss:1: 104 daAuts
